[Event "44th Chess Olympiad Open 2022"]
[Site "Chennai"]
[Date "2022.07.30"]
[Round "2.56"]
[White "Damianou, Ioannis"]
[Black "Strovsky, Mikhail"]
[Result "1/2-1/2"]
[ECO "D32"]
[WhiteElo "2153"]
[BlackElo "2158"]
[Annotator "TA"]
[PlyCount "118"]
[EventDate "2022.07.29"]
[EventType "team-tourn"]
[EventCountry "IND"]
[SourceTitle "playchess.com"]
[Source "ChessBase"]
[SourceQuality "1"]
[WhiteTeam "Cyprus"]
[BlackTeam "Togo"]
[WhiteTeamCountry "CYP"]
[BlackTeamCountry "TOG"]
[TimeControl "40/5400+30:1800+30"]

1. c4 Nf6 2. Nf3 e6 3. e3 d5 4. Nc3 c5 5. d4 Nc6 6. cxd5 exd5 7. Bb5 a6 8. Bxc6+ bxc6 9. O-O Be7 10. h3 O-O 11. dxc5 Bxc5 12. b3 Be6 {[%emt 0:09:45] D32: Tarrasch Defence: Sidelines and lines without g3.} 13. Bb2 {[%emt 0:03:27] [#]} Qa5 $146 ({Predecessor:} 13... Bd6 14. Rc1 c5 15. Ne2 Qe7 16. Qc2 Ne4 17. Rfd1 Rfd8 18. Nc3 Ng5 19. Qe2 Nxf3+ 20. Qxf3 {1-0 (31) Ornstein,A (2440)-Wedberg,T (2460) Stockholm 1994}) 14. a3 {[%emt 0:05:30] Strongly threatening b4.} Be7 15. Nd4 (15. b4 $5 Qc7 16. Na4 $11) 15... c5 16. b4 cxb4 17. Nc6 Qc7 18. Nxb4 Qb7 19. Ne2 a5 20. Nd3 Rfc8 21. Nd4 Bd7 22. Rb1 Qa6 23. Ne5 Be8 24. Nf5 {[%emt 0:03:23] Pair of Knights!} Qe6 (24... Bf8 $1 $11) 25. Nxe7+ $16 Qxe7 26. Qd4 Ra6 27. Ng4 {[%emt 0:03:13] Black must now prevent Nxf6+. White is more active.} Bb5 (27... Qe4 $16) 28. Nxf6+ $18 Rxf6 29. Qg4 $36 {[%emt 0:00:16][%mdl 2048] Keeping Black busy.} (29. Qxd5 $6 Bxf1 30. Bxf6 Bxg2 $14) 29... Qe6 30. Bxf6 Qxg4 31. hxg4 Bxf1 32. Kxf1 (32. Rxf1 $6 gxf6 33. Rb1 Rc3 $14) 32... gxf6 {[%emt 0:00:08][%mdl 4096] Endgame KR-KR} 33. Rb5 a4 34. Rb4 $1 ({Resist} 34. Rxd5 $6 Rc3 $14) 34... Rc2 (34... Ra8 $16 {is a better defense.} 35. Ke2 Kg7) 35. Rxa4 Ra2 36. g3 Kf8 37. Ra5 Ke7 38. Rxd5 Rxa3 39. Rh5 Ra4 {[%emt 0:00:08] [#]} 40. f3 ({Don't play} 40. Rxh7 $6 Rxg4 41. Rh4 Rg5) (40. f4 $1 $18) 40... Ra1+ 41. Ke2 Ra2+ 42. Kd3 Ra3+ $2 (42... Rg2 $16 43. Rh3 (43. Rxh7 Rxg3 44. Ke4 Rg2 $16) 43... Kf8) 43. Ke4 Ra4+ {[%emt 0:00:28] [#]} 44. Kf5 $1 Ra3 45. Kf4 Ra4+ 46. e4 Ra3 47. Rxh7 Rb3 48. Rh5 {[%emt 0:01:04] Rf5 is the strong threat.} Ra3 49. Rf5 Ra1 50. g5 fxg5+ 51. Kxg5 Rg1 52. g4 {[%emt 0:00:07] White wants to mate with f4.} Rg3 53. f4 Rg1 54. Ra5 Rh1 55. Ra7+ Kf8 56. e5 Rh7 57. f5 $2 (57. Ra8+ $18 Ke7 58. f5) 57... f6+ $1 $11 {[%emt 0:00:03][%mdl 64] Discovered Attack. The position is equal.} 58. Kxf6 Rxa7 59. g5 Rf7+ {[%emt 0:01:37] Weighted Error Value: White=0.07 (flawless) /Black=0.65} 1/2-1/2

[Event "44th Chess Olympiad Open 2022"]
[Site "Chennai"]
[Date "2022.07.30"]
[Round "2.56"]
[White "Tchouka, Yakini"]
[Black "Antoniou, Rafail"]
[Result "0-1"]
[ECO "B45"]
[WhiteElo "1934"]
[BlackElo "1817"]
[Annotator "TA"]
[PlyCount "36"]
[EventDate "2022.07.29"]
[EventType "team-tourn"]
[EventCountry "IND"]
[SourceTitle "playchess.com"]
[Source "ChessBase"]
[SourceQuality "1"]
[WhiteTeam "Togo"]
[BlackTeam "Cyprus"]
[WhiteTeamCountry "TOG"]
[BlackTeamCountry "CYP"]
[TimeControl "40/5400+30:1800+30"]

1. e4 c5 2. Nf3 e6 3. d4 cxd4 4. Nxd4 Nf6 5. Nc3 Nc6 6. Ndb5 Bb4 7. Nd6+ Ke7 8. Bf4 e5 9. Nf5+ Kf8 10. Bg5 d5 {[%emt 0:02:09] And now ...d4 would win.} 11. Bxf6 {[%emt 0:07:49] B45: Sicilian Four Knights.} Qxf6 12. Qxd5 Bxf5 13. exf5 {[%emt 0:00:13] [#] Black is slightly better.} g6 $146 ({Predecessor:} 13... Rd8 14. Qe4 Rd4 15. Qe3 Qxf5 16. Bd3 Qd7 17. O-O h5 18. Ne2 Rd6 19. Rad1 Rhh6 {0-1 (70) Priyanka,K (2218)-Serikbay,A (2228) Chess.com INT 2021}) 14. fxg6 hxg6 {[%emt 0:00:21] Hoping for ...Qe7.} 15. a3 Rd8 {[%emt 0:13:57][%mdl 1024] Black has compensation.} 16. Qc4 ({White should try} 16. Qf3 $1 $15 Qxf3 17. gxf3) 16... Rh4 $19 17. Qb3 (17. g4 $19 Qf3 18. axb4 Qxh1 19. b5) 17... Re4+ 18. Be2 {[%emt 0:00:37] [#]} Rxe2+ $1 {[%emt 0:00:03][%mdl 576] Decoy. White did not feel at home in the position after the opening.  Weighted Error Value: White=1.70/Black=0.01 (flawless)} 0-1

[Event "44th Chess Olympiad Open 2022"]
[Site "Chennai"]
[Date "2022.07.30"]
[Round "2.56"]
[White "Egbe, Kossi Thierry"]
[Black "Isaakidis, Alexandros"]
[Result "0-1"]
[ECO "B61"]
[WhiteElo "1703"]
[BlackElo "2165"]
[Annotator "TA"]
[PlyCount "31"]
[EventDate "2022.07.29"]
[EventType "team-tourn"]
[EventCountry "IND"]
[SourceTitle "playchess.com"]
[Source "ChessBase"]
[SourceQuality "1"]
[WhiteTeam "Togo"]
[BlackTeam "Cyprus"]
[WhiteTeamCountry "TOG"]
[BlackTeamCountry "CYP"]
[TimeControl "40/5400+30:1800+30"]

1. e4 c5 2. Nf3 Nc6 3. d4 cxd4 4. Nxd4 Nf6 5. Nc3 d6 6. Bg5 e6 7. Qd2 a6 8. f4 Bd7 ({Black should play} 8... h6 9. Nxc6 bxc6 10. Bxf6 Qxf6) 9. Nxc6 {[%emt 0:05:11] B61: Sicilian: Richter-Rauzer: 6...Bd7 7 Qd2.} Bxc6 10. e5 $2 {[%emt 0:00:16] [#]} (10. Bxf6 $11 {and White is okay.} Qxf6 11. O-O-O) 10... dxe5 $146 ({Predecessor:} 10... h6 11. Bh4 dxe5 12. Qxd8+ Rxd8 13. fxe5 g5 14. exf6 gxh4 15. Bd3 Bxg2 16. Rg1 Bf3 {1-0 (28) Wacker,F (1838)-Lang,G Lambsheim 2017}) 11. Qd4 (11. fxe5 Qxd2+ 12. Kxd2) 11... Qd6 $2 (11... Qxd4 12. Bxf6 gxf6) 12. Qxd6 Rc8 {[%emt 0:00:08][%mdl 8192] Inhibits Qc7.} (12... Bxd6 $19 13. O-O-O Bc7) 13. Qd8+ $4 Rxd8 {[%emt 0:01:01] Black is clearly better.} 14. fxe5 h6 15. Bxh6 gxh6 16. exf6 {[%emt 0:26:47] Weighted Error Value: White=2.11/Black=1.33} 0-1

[Event "44th Chess Olympiad Open 2022"]
[Site "Chennai"]
[Date "2022.07.30"]
[Round "2.57"]
[White "Sultan, Ibrahim"]
[Black "Wane, Al Hassane"]
[Result "0-1"]
[ECO "D53"]
[WhiteElo "2108"]
[BlackElo "1750"]
[Annotator "TA"]
[PlyCount "106"]
[EventDate "2022.07.29"]
[EventType "team-tourn"]
[EventCountry "IND"]
[SourceTitle "playchess.com"]
[Source "ChessBase"]
[SourceQuality "1"]
[WhiteTeam "United Arab Emirates"]
[BlackTeam "Senegal"]
[WhiteTeamCountry "UAE"]
[BlackTeamCountry "SEN"]
[TimeControl "40/5400+30:1800+30"]

1. d4 d5 2. c4 e6 3. Nc3 Nf6 4. Nf3 Nbd7 5. Bg5 Be7 6. e3 c6 7. Qc2 Ne4 8. Bxe7 Qxe7 9. Nxe4 dxe4 10. Qxe4 Qb4+ 11. Nd2 Qxb2 12. Rb1 Qxa2 13. Bd3 {[%emt 0:03:00] D53: Queen's Gambit Declined: 4 Bg5 Be7: Early deviations.} Qa5 14. Ke2 Nf6 15. Qf4 {[%emt 0:02:33] [#] The position is equal.} O-O $146 ({Predecessor:} 15... Qd8 16. h3 h6 17. g4 Qe7 18. Qe5 Kf8 19. Rb2 Nd7 20. Qc7 Nb6 21. Qxe7+ Kxe7 {1-0 (36) Hogberg,J-Bohlin,I Sweden 1990}) 16. Ra1 Qh5+ 17. f3 (17. Nf3 $1 $14) 17... Re8 $15 18. g4 Qh4 (18... e5 $15 19. Qxe5 (19. gxh5 exf4 20. e4 Nxh5 $15) (19. Qxf6 Qh3 $17) 19... Qxe5 20. dxe5 Rxe5) 19. Ra5 (19. g5 $11 Qxf4 20. exf4) 19... e5 (19... b6 $15 {keeps the upper hand.} 20. Ra2 e5 21. dxe5 Nd7) 20. Rxe5 $16 Bd7 21. Ra1 b5 (21... b6 $14) 22. Ra5 (22. cxb5 $6 Nd5 23. Qg3 Qxg3 24. hxg3 Rxe5 25. dxe5 cxb5 $14) 22... bxc4 23. Nxc4 Nd5 24. Raxd5 ({White should try} 24. Qg3 $16 Qd8 25. Rxe8+ Bxe8 26. g5) 24... cxd5 $11 25. Rxd5 Qe7 26. Nd6 Reb8 27. Kf2 Qh4+ {[%emt 0:05:10] The board is on fire.} ({Black should play} 27... Be6 $17 28. Rc5 Qh4+ 29. Qg3 Rb2+ 30. Kg1 Qxg3+ 31. hxg3 Rd2) 28. Kg1 $2 {[%emt 0:08:59][%mdl 8192] White is now going downhill.} (28. Kf1 $1 $11 Qf6 29. Qxf6 gxf6 30. Ne4) 28... Qe1+ 29. Kg2 {[%emt 0:00:08][%cal Od3h7] White wants to mate with Bxh7+!} Be6 $1 30. Bc4 Rb2+ ({Not} 30... Bxd5 $2 31. Bxd5 Rb2+ 32. Kh3 Qf1+ 33. Kh4 Qf2+ 34. Kh3 Qg2+ 35. Kh4 $19) 31. Kh3 Bxd5 32. Bxd5 Qf1+ (32... Rf8 33. Nxf7 Qf1+ 34. Kh4 Rxh2+ 35. Kg5 Rh5+ 36. Kxh5 $18) 33. Kh4 {[%emt 0:00:04] [#]} Qf2+ $1 34. Kg5 $2 (34. Kh3 Rf8 35. Nxf7 Qg2+ 36. Kh4 Qxh2+ 37. Qxh2 Rxh2+ 38. Kg3) 34... h6+ $19 35. Kf5 Rd8 {[%emt 0:02:42] Strongly threatening ...Rb6.} 36. Bxf7+ Kf8 37. Qe4 $2 (37. Kg6 Qxh2 38. Qf5 Rxd6+ 39. Be6+ Ke7 40. d5) 37... Rbb8 38. Qc6 Qxh2 $2 (38... Rb6 39. Qe4 g6+ 40. Ke5 Rdxd6) 39. f4 $2 (39. Nc4 Rbc8 40. Qe6 Qc2+ 41. Kf4 Qh2+ 42. Kf5 Qc2+ 43. Kf4 Qh2+ 44. Kf5) 39... Rb6 40. Qc7 Rbxd6 (40... Rdxd6 $142 41. Ke5 Qg3) 41. Bc4 Rf6+ (41... Qc2+ $142 42. Ke5 {[#]} Rd5+ $3 43. Bxd5 Qxc7+ 44. Ke4 Qe7+ 45. Kf3 Rxd5 46. f5 Rb5 47. f6 Qxf6+ 48. Ke2 Rb3 49. d5 Qc3 50. Kf3 Qxe3+ 51. Kg2 Qe2+ 52. Kh1 Rb1#) 42. Ke4 Re8+ 43. Kd3 g5 44. Qc5+ Re7 $2 (44... Kg7 $19 {White must now prevent ...Qf2.} 45. Qc7+ Kh8) 45. fxg5 $2 (45. Qc8+ $11 Re8 46. Qc5+ Kg7 47. Qc7+ Kh8 48. Bb5) 45... hxg5 46. Qc8+ Re8 ({Don't play} 46... Kg7 47. Qg8+ Kh6 48. Qh8+ Kg6 49. Qxh2 $18) 47. Qc5+ Qd6 48. Qxg5 Qa3+ {[%emt 0:00:00] Black mates.} 49. Ke2 Qb2+ 50. Kd1 Qb1+ 51. Ke2 Qf1+ 52. Kd2 Rf2+ 53. Kc3 Qe1+ {[%emt 0:00:00] Weighted Error Value: White=1.43/Black=0.82} 0-1

[Event "44th Chess Olympiad Open 2022"]
[Site "Chennai"]
[Date "2022.07.30"]
[Round "2.57"]
[White "Abdulrahman Mohammad, Al Taher"]
[Black "Diop, Wara"]
[Result "1-0"]
[ECO "D25"]
[WhiteElo "2029"]
[BlackElo "1636"]
[Annotator "TA"]
[PlyCount "77"]
[EventDate "2022.07.29"]
[EventType "team-tourn"]
[EventCountry "IND"]
[SourceTitle "playchess.com"]
[Source "ChessBase"]
[SourceQuality "1"]
[WhiteTeam "United Arab Emirates"]
[BlackTeam "Senegal"]
[WhiteTeamCountry "UAE"]
[BlackTeamCountry "SEN"]
[TimeControl "40/5400+30:1800+30"]

1. d4 d5 2. c4 dxc4 3. Nf3 Nf6 4. e3 Bg4 5. Bxc4 e6 6. Nc3 Be7 {[%emt 0:00:58] D25: Queen's Gambit Accepted: 4 e3: sidelines and 4...Bg4.} 7. h3 Bh5 8. O-O O-O {[%emt 0:00:23] White has an edge.} 9. a3 {[%emt 0:08:07] [#]} c5 $146 ({Predecessor:} 9... Nbd7 10. Be2 Bg6 11. Nh4 Be4 12. Nxe4 Nxe4 13. Nf3 Ndf6 14. Nd2 c5 15. Nxe4 Nxe4 {1-0 (55) Trofimchuk,V (1835)-Britvin,I St Petersburg 2012}) 10. d5 exd5 11. Nxd5 Bd6 12. Nxf6+ Qxf6 13. Qd5 Bxf3 14. Qxf3 Qxf3 15. gxf3 Rd8 16. Bd2 Be5 17. Rfd1 Nc6 18. Rab1 Rd6 {[%emt 0:01:38] Strongly threatening ...Rad8.} (18... Rd7 $5 19. Be1 Rxd1 20. Rxd1 Bxb2 $11) 19. Kf1 Rad8 20. Ke2 Bf6 21. f4 {[%emt 0:04:51] Against Ne5} a6 22. b4 b5 23. bxc5 Rxd2+ 24. Rxd2 bxc4 25. Rb6 (25. Rxd8+ $14 Bxd8 26. Rd1) 25... Rc8 $11 26. Rd6 Nd8 27. Rxa6 Be7 {[%emt 0:06:02] [#]} ({Don't take} 27... Rxc5 28. Ra8 Kf8 29. Rxf6 $1 (29. Rdxd8+ Bxd8 30. Rxd8+ Ke7 $14) 29... gxf6 30. Rxd8+ Ke7 31. Rd4 $16) (27... c3 $11 28. Ra4 h6) 28. Rd4 $1 $16 {[%emt 0:00:47] White is more active.} c3 {[%emt 0:03:00] [#]} ({Black should try} 28... Rxc5 $14 29. Ra8 Kf8) 29. Rc4 $1 Rxc5 $2 {[%emt 0:05:16] Loses the game.} (29... Kf8 $16 30. c6 (30. Rxc3 Ne6 $16) 30... Ne6) 30. Rxc5 $18 Bxc5 31. Ra8 Be7 32. a4 f5 (32... Kf8 $142 33. a5 Ke8) 33. a5 Kf7 34. a6 {[%emt 0:00:09] Hoping for Rc8.} Nc6 35. Rc8 Na7 36. Rc7 Nb5 37. Rb7 Na3 38. a7 c2 39. Kd2 {[%emt 0:00:10] Weighted Error Value: White=0.04 (flawless) /Black=0.50} 1-0

[Event "44th Chess Olympiad Open 2022"]
[Site "Chennai"]
[Date "2022.07.30"]
[Round "2.57"]
[White "Cisse, Amadou Lamine"]
[Black "Othman, A. Moussa"]
[Result "0-1"]
[ECO "A56"]
[WhiteElo "2005"]
[BlackElo "2229"]
[Annotator "TA"]
[PlyCount "72"]
[EventDate "2022.07.29"]
[EventType "team-tourn"]
[EventCountry "IND"]
[SourceTitle "playchess.com"]
[Source "ChessBase"]
[SourceQuality "1"]
[WhiteTeam "Senegal"]
[BlackTeam "United Arab Emirates"]
[WhiteTeamCountry "SEN"]
[BlackTeamCountry "UAE"]
[TimeControl "40/5400+30:1800+30"]

1. d4 g6 2. c4 Bg7 3. Nc3 c5 4. d5 d6 5. e4 Nf6 6. Be3 {[%emt 0:02:13] A56: Czech Benoni.} b5 7. cxb5 {[%emt 0:01:53] [#]} Nbd7 $146 ({Predecessor:} 7... a6 8. f3 O-O 9. Qd2 axb5 10. Bxb5 Ba6 11. Nge2 Qa5 12. a4 Nbd7 13. O-O Nb6 14. b3 Ne8 15. Rab1 Nc7 16. Bxa6 Qxa6 17. Bh6 {0-1 (57) Jensen,S (2205)-Hansen,G (2275) Copenhagen 1994}) 8. f4 (8. Nf3 $16) 8... a6 9. Nf3 O-O {[%emt 0:00:57][%cal Bh8f8,Bf8b8,Bb8b4][%mdl 32] [#] White must now prevent ...axb5.} 10. bxa6 (10. a4 $14) 10... Qa5 {[%emt 0:04:48] Hoping for ...Nxe4.} ({Don't play} 10... Ng4 11. Bc1 $11) 11. Bd2 Bxa6 12. Bxa6 Qxa6 13. Qe2 $1 Rfb8 14. Rb1 Rb4 15. Qxa6 Rxa6 16. a3 Rb3 17. O-O (17. Kd1 $11) 17... Rab6 ({Better is} 17... Nb6 $15) 18. e5 dxe5 19. fxe5 Ng4 20. e6 fxe6 21. dxe6 Rxe6 22. h3 Nge5 23. Ng5 Rd6 24. Nge4 (24. Nce4 $11) 24... Nc4 $1 $15 25. Bg5 ({But not} 25. Nxd6 Bd4+ 26. Kh1 Nxd2 $17) 25... Re6 26. Rbd1 Bd4+ 27. Kh1 Nxb2 28. Rb1 {[%emt 0:02:24][%mdl 8192] This costs White the game.} Rxc3 $19 ({And not} 28... Bxc3 29. Nxc3 Rxc3 30. Rxb2 $17) 29. Nxc3 Bxc3 30. Rf2 Nd3 31. Rc2 Bd4 32. Kh2 N7e5 33. Bh6 {[%emt 0:00:13] White threatens Rb8+ and mate.} g5 34. Rb8+ $2 (34. Bxg5 Kf7 35. Rf1+ Ke8 36. Bd2) 34... Kf7 35. Bxg5 Ne1 36. Re2 {[%emt 0:00:00] [#]} N5f3+ $1 {[%emt 0:00:00][%mdl 512] Weighted Error Value: White=0.64/Black=0.14 (very precise)} 0-1

[Event "44th Chess Olympiad Open 2022"]
[Site "Chennai"]
[Date "2022.07.30"]
[Round "2.57"]
[White "Badji, Sekou Aransbene"]
[Black "Mohamed Saeed Laily"]
[Result "0-1"]
[ECO "D06"]
[WhiteElo "1732"]
[BlackElo "2030"]
[Annotator "TA"]
[PlyCount "46"]
[EventDate "2022.07.29"]
[EventType "team-tourn"]
[EventCountry "IND"]
[SourceTitle "playchess.com"]
[Source "ChessBase"]
[SourceQuality "1"]
[WhiteTeam "Senegal"]
[BlackTeam "United Arab Emirates"]
[WhiteTeamCountry "SEN"]
[BlackTeamCountry "UAE"]
[TimeControl "40/5400+30:1800+30"]

1. d4 d5 2. Nf3 Bf5 3. c4 e6 4. Nc3 Nc6 5. Bf4 Nf6 6. e3 Bd6 {[%emt 0:03:07] D06: Queen's Gambit: Symmetrical and Baltic Defences.} 7. Bg3 O-O 8. Be2 h6 {[%emt 0:02:51] The position is equal.} 9. O-O Bxg3 10. hxg3 dxc4 11. Bxc4 a6 12. a4 {[%emt 0:01:59] [#]} ({White should play} 12. Re1 $14) 12... Qe7 $146 ({Predecessor:} 12... Qd6 13. Bd3 Bxd3 14. Qxd3 e5 15. Rfd1 Rad8 16. Qc4 exd4 17. Nxd4 Ne5 18. Qb3 c5 {0-1 (27) Harris,R (1458)-Polkwitzauer,A (2000) FICGS email 2011}) 13. Bd3 Bg4 14. Na2 Rfd8 15. Qb3 Rab8 (15... e5 $15 {feels stronger.} 16. Nxe5 (16. Qxb7 Na5 $17) 16... Nxe5 17. dxe5 Qxe5) 16. Rac1 Bxf3 17. gxf3 e5 18. dxe5 Nxe5 19. Be2 Rd2 20. Rfe1 {[%emt 0:12:42] [#] Now White is beyond hope.} (20. f4 $17 {was called for.} Rxe2 21. fxe5 Qxe5 22. Nc3) 20... Rxe2 $1 $19 21. Rxe2 Nxf3+ {[%emt 0:00:04] Pair of Knights!} 22. Kf1 Qe4 {[%emt 0:03:52][%mdl 1024] Black has strong compensation.} 23. Rc4 {[%emt 0:29:35] [#] Prevents Nd4.} (23. Qc4 Nd4 24. Ke1 Nxe2 25. Qxe4 Nxe4 26. Kxe2) 23... Nd4 $1 {[%emt 0:02:34][%mdl 576] Pin, Double Attack.  Weighted Error Value: White=0.72/Black=0.11 (very precise)} 0-1

[Event "44th Chess Olympiad Open 2022"]
[Site "Chennai"]
[Date "2022.07.30"]
[Round "2.58"]
[White "Razanadrakotoarisoa, Toavina"]
[Black "Garber, Ousainou"]
[Result "1-0"]
[ECO "B46"]
[WhiteElo "2039"]
[BlackElo "1772"]
[Annotator "TA"]
[PlyCount "53"]
[EventDate "2022.07.29"]
[EventType "team-tourn"]
[EventCountry "IND"]
[SourceTitle "playchess.com"]
[Source "ChessBase"]
[SourceQuality "1"]
[WhiteTeam "Madagascar"]
[BlackTeam "Gambia"]
[WhiteTeamCountry "MAD"]
[BlackTeamCountry "GAM"]
[TimeControl "40/5400+30:1800+30"]

1. e4 c5 2. Nf3 e6 3. d4 cxd4 4. Nxd4 Nc6 5. Nc3 a6 6. Be3 Bb4 7. Nxc6 bxc6 {[%emt 0:00:39] B46: Sicilian: Taimanov: 5 Nc3 a6.} 8. Qd4 Bxc3+ (8... Bf8 $1 $14) 9. Qxc3 $16 f6 {[%emt 0:02:09] [#] White is clearly better.} 10. h4 $146 ({Predecessor:} 10. Bc4 Ne7 11. O-O-O Qc7 12. g3 Qe5 13. Qxe5 fxe5 14. Rd6 O-O 15. a4 Kh8 16. Bc5 {1-0 (61) Cabanas Bravo,J (2058)-Uceda Martinez,J (1795) Madrid 2014}) 10... Ne7 11. Bc5 O-O 12. Bd6 Rf7 13. h5 (13. O-O-O $18) 13... h6 14. g4 a5 15. O-O-O Ba6 16. Bxa6 Rxa6 17. Qc4 {[%emt 0:02:29] 0x0.0020aec30deadp-1022s more active pieces.} Rb6 (17... Ra8 $16) 18. f4 ({Better is} 18. a4 $18) 18... Nc8 19. Bc5 $36 {[%emt 0:00:31][%mdl 2048] [#] And now Qxe6 would win. White has strong initiative.} Rb5 20. a4 ({White should try} 20. Ba3 $16) 20... d5 $2 {[%emt 0:00:48][%mdl 8192] A mistake that costs the game.} (20... Nb6 $14 21. Bxb6 Rxb6) 21. axb5 $18 Qc7 22. exd5 cxb5 23. Qxb5 exd5 24. Kb1 Rd7 {[%emt 0:02:23] [#]} 25. Rhe1 (25. Rxd5 $142 $3 Rxd5 26. Qe8+ Kh7 27. Qe4+ Kg8 28. Qxd5+ Kh7 29. Re1 Nd6 30. Bxd6) 25... f5 26. Re8+ Kf7 27. Rf8+ {[%emt 0:00:14] Weighted Error Value: White=0.24 (precise) /Black=1.04} 1-0

[Event "44th Chess Olympiad Open 2022"]
[Site "Chennai"]
[Date "2022.07.30"]
[Round "2.58"]
[White "Dalliah, Joseph"]
[Black "Andrianiaina, Heritiana"]
[Result "0-1"]
[ECO "A80"]
[WhiteElo "1920"]
[BlackElo "2095"]
[Annotator "TA"]
[PlyCount "206"]
[EventDate "2022.07.29"]
[EventType "team-tourn"]
[EventCountry "IND"]
[SourceTitle "playchess.com"]
[Source "ChessBase"]
[SourceQuality "1"]
[WhiteTeam "Gambia"]
[BlackTeam "Madagascar"]
[WhiteTeamCountry "GAM"]
[BlackTeamCountry "MAD"]
[TimeControl "40/5400+30:1800+30"]

1. d4 Nf6 2. c4 e6 3. Nc3 Bb4 4. Nf3 Ne4 5. Qc2 f5 6. Bf4 O-O 7. e3 b6 8. Bd3 Bb7 9. O-O {[%emt 0:02:33][%cal Rc3e4] A80: Dutch Defence: Unusual White second moves.} Bxc3 10. bxc3 g5 11. Bg3 {[%emt 0:02:17] The position is equal.} d6 {[%emt 0:03:32] [#]} 12. Nd2 $146 ({Predecessor:} 12. h4 g4 13. Nd2 Nxd2 14. Qxd2 Nd7 15. a4 Qf6 16. a5 Rab8 17. axb6 axb6 18. Qe2 {0-1 (48) Unluturk,K (1824)-Erdogan,Y (1700) Konya 2017}) 12... Nxd2 13. Qxd2 h5 {[%emt 0:04:39] Hoping for ...h4.} 14. h3 h4 15. Bh2 Nd7 16. Qe2 Nf6 (16... Qf6 $11 {feels stronger.}) 17. a4 (17. f3 $5 ) 17... a5 18. Rfd1 (18. f3 $14) 18... Qd7 (18... Rf7 $5 ) 19. f3 {[%emt 0:02:33][%cal Oc4c5] Inhibits g4.} Qg7 20. e4 f4 (20... g4 $11 21. fxg4 (21. exf5 gxf3 22. Qf2 Rae8 $17) 21... fxg4) 21. Kh1 Nh5 22. Qa2 Rae8 (22... Ng3+ $11 23. Bxg3 hxg3) 23. Rab1 (23. Bg1 $16) 23... Bc6 ({Black should play} 23... Ng3+ $11 24. Bxg3 hxg3) 24. Bg1 $14 Qd7 25. Bc2 Ng3+ 26. Kh2 Ne2 27. Qa3 (27. d5 $16 Ba8 28. dxe6 Rxe6 29. Rb5) 27... Nxg1 $11 28. Kxg1 Qe7 29. Qc1 (29. Qa2 $11) 29... Kg7 (29... e5 $15) 30. Qd2 (30. e5 $11) 30... e5 $15 31. d5 Bd7 32. Rb2 Rf6 33. Qf2 Rh8 34. Bb3 Qe8 35. Ra2 Qc8 36. Qf1 Rg6 37. Kf2 Kf6 {[%emt 0:11:09][%cal Og5g4] Threatens to win with ...g4!} 38. Ke1 Ke7 39. Qf2 $2 {[%emt 0:03:05][%mdl 8192] [#]} (39. Rc1 $15) 39... Qg8 $2 (39... Bxh3 $1 $19 40. gxh3 Qxh3) 40. Rad2 $2 (40. c5 $15) 40... Rh7 $2 (40... g4 $1 $19 41. hxg4 Bxg4) 41. Rd3 $2 ({White should try} 41. c5 $15) 41... Ke8 (41... g4 $1 $19 42. fxg4 Rh8) 42. R1d2 Rhg7 43. Kd1 Kd8 44. Kc1 Kc8 45. Kb2 Qe8 46. Ka3 Qf8 47. Kb2 Qf6 48. Qg1 Kb7 49. Ka3 Rg8 (49... Qd8 $15) 50. Rb2 (50. c5 $1 $11 dxc5 51. d6) 50... Kc8 51. Ka2 Kd8 (51... Qf8 $15) 52. Bd1 ({Better is} 52. c5 $1 $11) 52... Ke7 53. Bc2 Qg7 54. Rd1 Qh6 55. Qf2 Qh5 56. Rh1 R6g7 57. Kb1 Rb8 58. Ka2 Qe8 59. Ka3 Bc8 60. Bb3 Kf6 61. Ra2 Ba6 62. Rd1 Rd7 63. Rad2 Qc8 64. Kb2 Qb7 65. Kc2 c6 66. Qe2 Rc8 67. Kb2 cxd5 68. Rxd5 Qc6 69. Qd3 Ke7 70. Rd2 Rcc7 (70... Bxc4 $2 71. Bxc4 Qxc4 72. Rxe5+ $3 Kd8 73. Qxc4 (73. Rxg5 Qxa4 74. Qa6 Qc4 $18) 73... Rxc4 74. Rxg5 $18) (70... Qc7 $142 71. Qc2 Bxc4 72. Bxc4 Qxc4) 71. Rd1 Bxc4 (71... Rb7 $17) 72. Bxc4 $11 Qxc4 73. Qxc4 (73. Rxd6 $11 Qxd3 74. R6xd3) 73... Rxc4 $17 {[%emt 0:00:00][%mdl 4096] Endgame KRR-KRR. White is now going downhill.} 74. Kb3 Rdc7 75. R1d3 R7c6 76. Rb5 R4c5 77. Rxc5 bxc5 {[%emt 0:00:00] KR-KR} ({Reject} 77... dxc5 $6 78. c4 $11) 78. Kc4 (78. Rd5 $17) 78... Rb6 79. Rd2 {[%emt 0:01:27] Inhibits Rb2.} Kd7 80. Rc2 $2 (80. Kd3 {was necessary.}) 80... Kc6 81. Ra2 Rb1 {[%emt 0:00:00] White must now prevent ...Rd1.} 82. Rd2 $2 (82. Rc2 $17 {was the only defense.}) 82... Ra1 $19 83. Kb3 {[%emt 0:00:03] [#]} c4+ $1 84. Kxc4 (84. Kb2 $142 Rg1 85. Rf2) 84... Rxa4+ 85. Kb3 Ra1 86. Kb2 Rg1 87. Kb3 Rb1+ 88. Ka4 $2 (88. Kc2 {is the only way for White.} Rb5 89. Kc1) 88... Kc5 89. Rd5+ {[%emt 0:05:36] [#]} Kc4 $1 90. Kxa5 Rb2 91. Rxd6 Rxg2 92. Rd5 Rg3 93. Rxe5 Rxh3 94. Rxg5 Rxf3 95. e5 Kc5 {[%emt 0:08:42] aiming for ...Rg3.} 96. Ka6 Rxc3 {[%emt 0:02:00] ( -> ...f3)} 97. Rg4 f3 {[%emt 0:00:40][%cal Bf4f3,Bf3f2][%mdl 32] Black mates.} 98. Rxh4 f2 99. Rf4 Rc2 100. Rf6 Kd5 101. e6 Kd6 102. Kb5 Ke7 103. Rf3 Kxe6 {[%emt 0:00:08] Weighted Error Value: White=0.43/Black=0.30} 0-1